 Dungeon Crawl Stone Soup version 0.29.1-2-gbd0b4ee654 (webtiles) character file.

Game seed: 2840329421246454918

18 cdecastro the Scratcher (level 2, -7/12 HPs)
             Began as a Felid Transmuter on Nov 13, 2022.
             Mangled by Terence
             ... wielding a +0 trident
              (10 damage)
             ... on level 2 of the Dungeon.
             The game lasted 00:01:11 (1153 turns).

cdecastro the Scratcher (Felid Transmuter)          Turns: 1153, Time: 00:01:14

Health: -7/12      AC:  1    Str:  6    XL:     2   Next: 48%
Magic:  5/6        EV: 17    Int: 14    God:
Gold:   61         SH:  0    Dex: 16    Spells: 4/5 levels left
                                        Lives:  0   Deaths: 0

rFire   . . .      SeeInvis +     - Unarmed
rCold   . . .      Faith    .   (shield unavailable)
rNeg    . . .      Spirit   .   (body armour unavailable)
rPois   .          Reflect  .   (helmet unavailable)
rElec   .          Harm     .   (cloak unavailable)
rCorr   .          Rampage  .   (gloves unavailable)
Will    .....                   (boots unavailable)
Stlth   +.........              (no amulet)
HPRegen 0.04/turn               (no ring)
MPRegen 0.10/turn               (no ring)

@: appendages (expiring), quick
A: horns 2, very small, claws 1, fangs 3, see invisible, speed 1, shaggy fur 1,
stealthy paws, no weapons or thrown items, no armour, multi-lived
a: End Transformation


You were on level 2 of the Dungeon.
You had temporarily grown beastly horns.
You visited 1 branch of the dungeon, and saw 2 of its levels.

You collected 111 gold pieces.
You spent 50 gold pieces at shops.

Inventory:

Scrolls
 c - a scroll of noise {unknown}
 e - a scroll of blinking {unknown}
 h - a scroll of teleportation {unknown}
Potions
 a - a potion of lignification
 b - a potion of mutation {unknown}
 d - a potion of haste {unknown}
 f - a potion of heal wounds {unknown}
 g - a potion of attraction {unknown}


   Skills:
 - Level 1.0 Fighting
 - Level 2.6 Dodging
 + Level 3.9 Unarmed Combat
 - Level 2.0 Spellcasting
 - Level 2.1 Transmutations


You had 4 spell levels left.
You knew the following spells:

 Your Spells              Type           Power      Damage    Failure   Level
a - Beastly Appendage     Tmut           14%        N/A       10%         1

Your spell library contained the following spells:

 Spells                   Type           Power      Damage    Failure   Level
 Wereblood                Tmut           7%         N/A       14%         2
 Slow                     Hex            4%         N/A       24%         1
 Spider Form              Tmut/Pois      4%         N/A       41%         3
 Confusing Touch          Hex            1%         N/A       56%         3
 Vampiric Draining        Necr           1%         2d6       56%         3
 Ice Form                 Ice/Tmut       4%         N/A       83%         4


Dungeon Overview and Level Annotations

Branches:
Dungeon (2/15)

Altars:
Hepliaklqana

Shops:
D:1 *

Annotations:
D:2 Terence


Innate Abilities, Weirdness & Mutations

You have temporarily grown beastly horns.
You have sharp claws.
You have razor-sharp teeth.
You have supernaturally acute eyesight. (SInv)
You cover ground quickly. (Speed+)
You are covered in fur. (AC +1)
Your paws help you pounce on unaware monsters.
You are incapable of wielding weapons or throwing items.
You cannot wear armour.
You gain extra lives every three experience levels.


Message History

You see here a +0 long sword.
Done exploring.
Done exploring.
Done exploring.
Done exploring.
There is a stone staircase leading down here.
Search for what [? for help]? .
You climb downwards.
Found a twisted gilded ring.
Found a hazy altar of Hepliaklqana.
Found an escape hatch in the floor.
There is a stone staircase leading up here.
Unknown command.
Casting: Beastly Appendage (safe; 10% risk of failure)
Press: ? - help, Q - select action Dir - look around, f - activate You grow a pair of large bovine horns.
Unknown command.
You pounce on the unaware helpless Terence!
You scratch Terence.
Terence is lightly wounded.
Terence closely misses you.
You scratch Terence but do no damage. You headbutt Terence, but do no damage.
Terence is lightly wounded.
Terence hits you with a +0 trident!
Ouch! That really hurt!
* * * LOW HITPOINT WARNING * * *
You scratch Terence but do no damage.
Terence is lightly wounded.
The adder hisses angrily.
Terence closely misses you.
You scratch Terence but do no damage. Your headbutt misses Terence.
Terence is lightly wounded.
Terence completely misses you.
You barely miss Terence. You headbutt Terence.
You claw Terence, but do no damage.
Terence is moderately wounded.
Your transformation is almost over.
A quokka comes into view.
The adder misses you. Terence hits you with a +0 trident!
Ouch! That really hurt!
You die...

### ..r
#.#
######.#
#....#S#
#...@@<#
###.##...#
#.
..#.>..# #
...####...
._... #.
......
#..=..##
#..##.#


You could see Terence, an adder and a quokka.

Vanquished Creatures
  A dart slug (D:1)
  4 bats (D:1)
  2 goblins (D:1)
  3 hobgoblins (D:1)
  A kobold (D:1)
  A quokka (D:1)
  2 rats (D:1)
14 creatures vanquished.

Notes
Turn   | Place    | Note
-------+----------+-------------------------------------------
     0 | D:1      | cdecastro the Felid Transmuter began the quest for the Orb.
     0 | D:1      | Reached XP level 1. HP: 9/9 MP: 4/4
   469 | D:1      | Reached XP level 2. HP: 10/12 MP: 4/6
   596 | D:1      | Found Teifu's Assorted Antiques.
   603 | D:1      | Bought a clear potion for 25 gold pieces
   603 | D:1      | Bought a grey potion for 25 gold pieces
   837 | D:1      | Found a faded altar of an unknown god.
  1146 | D:2      | Noticed Terence
  1146 | D:2      | Found a hazy altar of Hepliaklqana.
  1153 | D:2      | Mangled by Terence

Illustrated notes

Levels and vault maps discovered:
D:1:      dpeg_arrival_pits, layout_loops_ring, serial_shops,
          nicolae_shop_statue_plus, basic_ecumenical_altar
D:2:      layout_rooms, basic_altar, kennysheep_jessica_study, uniq_terence

Action                   || total
-------------------------++-------
Melee: Unarmed           ||    37
       Headbutt          ||     8
       Bite              ||     1
       Punch             ||     1
 Cast: Beastly Appendage ||     7
 Stab: Sleeping          ||     1
Armor: Skin              ||     1
Dodge: Dodged            ||    38
